[Event "Early-Titled-Tuesday-Blitz-October-10-2023"]
[Site "Chess.com"]
[Date "2023.10.10"]
[Round "1"]
[White "GM4life"]
[Black "ChessFighter_2011"]
[Result "0-1"]
[WhiteElo "2489"]
[BlackElo "2873"]
[TimeControl "180+1"]
[EndTime "8:07:20 PDT"]
[Termination "ChessFighter_2011 won by checkmate"]

1. Nf3 Nf6 2. g3 g6 3. Bg2 Bg7 4. O-O O-O 5. c4 d6 6. Nc3 c5 7. d4 cxd4 8. Nxd4 Nbd7 9. b3 a6 10. Bb2 Nc5 11. Rc1 h5 12. Qd2 h4 13. Rfd1 h3 14.
Bh1 Rb8 15. b4 Ne6 16. Nb3 Bd7 17. c5 dxc5 18. bxc5 Bc6 19. Bxc6 bxc6 20. Qe3 Qc7 21. Ne4 Ng4 22. Qd2 Rfd8 23. Qc2 Bxb2 24. Qxb2 Rd5 25. Rxd5 cxd5 26. Nc3 Nf6 27. Qd2 Rd8 28. e3 Ng5 29.
Qe2 e5 30. Qxa6 Nf3+ 31. Kh1 Ng4 32. Qe2 Ngxh2 33. e4 dxe4 34. Nxe4 Qc6 35. Na5 Qa8 36. Nc4 Nd4 37. Qd3 Ng4 38. Kg1 f5 39. Ncd6 Qd5 40. Qc4 Qxc4 41. Rxc4 fxe4 42. c6 Nf3+ 43. Kh1 Nxf2# 0-1

[Event "Early-Titled-Tuesday-Blitz-October-10-2023"]
[Site "Chess.com"]
[Date "2023.10.10"]
[Round "1"]
[White "jaskol95"]
[Black "Pawnpusher1245"]
[Result "1-0"]
[WhiteElo "2601"]
[BlackElo "2272"]
[TimeControl "180+1"]
[EndTime "8:07:21 PDT"]
[Termination "jaskol95 won by resignation"]

1. e4 c6 2. d4 d5 3. e5 Bf5 4. Nd2 e6 5. Nb3 Nd7 6. Be3 h6 7. g4 Bh7 8. Bd3 Bxd3 9. Qxd3 a6 10. Ne2 c5 11. Nxc5 Bxc5 12. dxc5 Nxe5 13. Qc3 Nf3+ 14.
Kf1 Nf6 15. Kg2 Nh4+ 16. Kh3 O-O 17. Ng3 Ng6 18. f3 Qc7 19. Bxh6 gxh6 20. Qxf6 Nf4+ 21. Kh4 Kh7 22. Nh5 Qd8 23. Qxd8 Ng6+ 24. Kg3 Rfxd8 25. Rhe1 Rac8 26. b4 d4 27. Rad1 e5 28. f4 exf4+ 29.
Nxf4 Nxf4 30. Kxf4 Kg6 31. Re4 a5 32. a3 axb4 33.
axb4 Ra8 34. Rexd4 Rxd4+ 35. Rxd4 Ra2 36. Rc4 Ra4 37. h4 h5 38. gxh5+ Kxh5 39. Ke5 Kg6 40. Kd6 f5 41. Kc7 1-0

[Event "Early-Titled-Tuesday-Blitz-October-10-2023"]
[Site "Chess.com"]
[Date "2023.10.10"]
[Round "1"]
[White "Maxterlopez"]
[Black "Shuvalov"]
[Result "0-1"]
[WhiteElo "2786"]
[BlackElo "2469"]
[TimeControl "180+1"]
[EndTime "8:07:23 PDT"]
[Termination "Shuvalov won by checkmate"]

1. e4 e6 2. Nf3 d5 3. Nc3 Bb4 4. a3 Bxc3 5. dxc3 Ne7 6. Bf4 O-O 7. e5 b6 8. h4 c5 9. h5 h6 10. Rh3 Ba6 11. Bxa6 Nxa6 12. Rg3 Nf5 13. Rh3 c4 14. g4 Ne7 15. g5 Nf5 16. Qd2 Nc5 17. gxh6 Ne4 18.
Qe2 gxh6 19. O-O-O Kh7 20. Nd4 Nxd4 21. Rxd4 Ng5 22.
Rg3 Rg8 23. f3 Qe7 24. Rd1 Rg7 25. Rdg1 Rag8 26. Qg2 b5 27. Qe2 a5 28. Be3 b4 29.
cxb4 axb4 30. a4 b3 31. Bd4 Qd7 32. cxb3 cxb3 33. Qb5 Qc7+ 34. Bc3 d4 35. Qd3+ Kh8 36. Qxd4 Nxf3 37. Qd6 Qb7 38. Rxg7 Nxg1 39. Rxg8+ Kxg8 40. Qd1 Nf3 41. a5 Kh8 42. a6 Qe4 43. a7 Kg8 44.
Qf1 Qc2# 0-1

[Event "Early-Titled-Tuesday-Blitz-October-10-2023"]
[Site "Chess.com"]
[Date "2023.10.10"]
[Round "1"]
[White "campochess"]
[Black "ama18"]
[Result "0-1"]
[WhiteElo "2130"]
[BlackElo "2554"]
[TimeControl "180+1"]
[EndTime "8:07:24 PDT"]
[Termination "ama18 won by resignation"]

1. e4 c5 2. d4 cxd4 3. c3 Nf6 4. e5 Nd5 5. Qxd4 e6 6. Nf3 Nc6 7. Qd1 d6 8. c4 Nb6 9. exd6 Bxd6 10. Nc3 O-O 11.
Be3 Bb4 12. Be2 Qf6 13. O-O Bxc3 14. bxc3 Rd8 15. Qc2 h6 16. Rfd1 Bd7 17. Rd2 Be8 18. Rad1 Rxd2 19. Rxd2 Rd8 20. Rxd8 Qxd8 21. Nd4 Ne5 22. c5 Nd5 23. Bd2 Qa5 24. Nb3 Qc7 25. c4 Nf6 26. Bf4 Bc6 27. Bg3 Nfd7 28. f4 Ng6 29. f5 Nf4 30. fxe6 fxe6 31. Bf3 Bxf3 32. gxf3 e5 33. Bxf4 exf4 34. Qf5 Nf6 35. Qe6+ Qf7 36. Nd4 Nd7 37. Qxf7+ Kxf7 38. c6 bxc6 39. Nxc6 a6 40. Nb4 Nc5 41. Nd5 g5 42. Kf2 Ke6 43. Ke2 Ke5 44.
Kd2 Kd4 45. Ne7 Kxc4 46. Ng8 h5 47. Nf6 h4 48. Nh7 Ne6 49. Nf6 Nd4 50. h3 Nxf3+ 51.
Kc1 Ng1 52. Ne4 Nxh3 53. Kb2 g4 54. Nd6+ Kd5 55. Nf5 Ke4 56. Nxh4 f3 0-1

[Event "Early-Titled-Tuesday-Blitz-October-10-2023"]
[Site "Chess.com"]
[Date "2023.10.10"]
[Round "1"]
[White "ellatambien"]
[Black "ilya2700"]
[Result "1-0"]
[WhiteElo "2607"]
[BlackElo "2295"]
[TimeControl "180+1"]
[EndTime "8:07:25 PDT"]
[Termination "ellatambien won by resignation"]

1. c4 Nf6 2. Nc3 e6 3. e4 c5 4. e5 Ng8 5. Nf3 Nc6 6. d4 cxd4 7. Nxd4 Nxe5 8. Ndb5 a6 9. Nd6+ Bxd6 10. Qxd6 f6 11. Be3 Ne7 12. Bb6 Nf5 13. Qb4 Nc6 14. Qc5 Qe7 15.
O-O-O Qxc5 16. Bxc5 d6 17. Bxd6 Nxd6 18. Rxd6 Ke7 19.
c5 Bd7 20. Be2 Rac8 21. Rhd1 Rhd8 22. a3 Be8 23. f4 f5 24. g3 Bf7 25. Kc2 g6 26. b4 e5 27. Rxd8 Rxd8 28. Rxd8 Kxd8 29. Kd3 e4+ 30. Ke3 Ke7 31. g4 Kf6 32. gxf5 gxf5 33. Nd1 Ne7 34. Kf2 Nd5 35. Kg3 Ke7 36. Bc4 Nc3 37.
Nxc3 Bxc4 38. Nd1 Ke6 39. Ne3 Be2 40. Kh4 Bf3 41. Kg5 Bg4 42. Nxg4 fxg4 43. Kxg4 Kf6 44. f5 e3 45. Kf3 Kxf5 46. Kxe3 Kg4 47. a4 Kh3 48. b5 Kxh2 49. c6 1-0

[Event "Early-Titled-Tuesday-Blitz-October-10-2023"]
[Site "Chess.com"]
[Date "2023.10.10"]
[Round "1"]
[White "Aleksandar-Topalov"]
[Black "Roman_Ovetchkin"]
[Result "0-1"]
[WhiteElo "2401"]
[BlackElo "2711"]
[TimeControl "180+1"]
[EndTime "8:07:26 PDT"]
[Termination "Roman_Ovetchkin won on time"]

1. b3 e5 2. Bb2 Nc6 3. e3 Nf6 4. Bb5 Bd6 5. Na3 Na5 6. Be2 O-O 7. Nb5 Re8 8. Nxd6 cxd6 9. Nf3 b6 10. O-O Bb7 11.
c4 Rc8 12. d3 Nc6 13. Nd2 d5 14. cxd5 Nxd5 15. Bf3 Nf6 16. Ne4 Nxe4 17. dxe4 Ba6 18. Be2 Bxe2 19. Qxe2 Qh4 20. f3 Re6 21. Rac1 Rh6 22.
g3 Rg6 23. Rfd1 Qe7 24. Rd5 h5 25. Qd2 Rd8 26. Kh1 h4 27. g4 h3 28. Rd1 Rf6 29. Rf1 a5 30. a3 d6 31. Kg1 Na7 32. Bxe5 Rg6 33. Bg3 Rc8 34. Rd1 Qf6 35. Rf5 Qc3 36. Kf2 Qxd2+ 37. Rxd2 Rc3 38. b4 a4 39. Bxd6 Rxa3 40. Rfd5 Rb3 41. e5 a3 42. Ra2 Rb2+ 43. Rxb2 axb2 44. Rd1 Nb5 45. Rb1 Nc3 46. Rxb2 Nd1+ 47.
Kg3 Nxb2 48. Kxh3 Nc4 49. Bc7 Nxe3 50. Kg3 Rc6 0-1

[Event "Early-Titled-Tuesday-Blitz-October-10-2023"]
[Site "Chess.com"]
[Date "2023.10.10"]
[Round "1"]
[White "Zavgorodniy_Sergiy"]
[Black "ZeGood_ZeBad_ZeUgly"]
[Result "1-0"]
[WhiteElo "2624"]
[BlackElo "2318"]
[TimeControl "180+1"]
[EndTime "8:07:26 PDT"]
[Termination "Zavgorodniy_Sergiy won by resignation"]

1. e4 c5 2. Nf3 d6 3. c3 Nf6 4.
Bc4 Nc6 5. Qe2 g6 6. d4 cxd4 7. cxd4 Bg4 8. d5 Nd4 9. Bb5+ Nd7 10. Qd3 Nxb5 11. Qxb5 Bxf3 12. gxf3 Qc7 13. Nc3 Bg7 14.
Bd2 a6 15. Qe2 Ne5 16. f4 Nc4 17. Bc1 Nxb2 18. Bxb2 Bxc3+ 19. Kf1 Bxb2 20. Qxb2 Qc4+ 21. Qe2 Qxe2+ 22. Kxe2 Kd7 23. Rab1 b5 24. a4 Rab8 25. Rb4 bxa4 26. Rxa4 Rb2+ 27. Kf3 Rb3+ 28. Kg2 Ra8 29.
Rha1 Rb6 30. R1a2 e6 31. dxe6+ fxe6 32. Kg3 d5 33. f3 Kd6 34. h4 h5 35. R2a3 Rc6 36.
Kf2 Rc2+ 37. Ke3 Rc6 38. Kd4 Rb6 39. Ra2 Rc6 40. Rg2 Rg8 41. f5 e5+ 42. Kd3 d4 43. fxg6 Rc3+ 44. Kd2 Rxf3 45. Rxa6+ Ke7 46. Rg5 Rb8 47.
g7 Rb2+ 48. Kc1 Rh2 49. Rg1 Rc3+ 50. Kb1 Rb3+ 51. Ka1 Rb8 52. g8=Q Rxg8 53. Rxg8 Rxh4 54. Rg7+ Kf8 55. Rb7 Rh1+ 56. Kb2 Rh2+ 57. Kb3 Rh3+ 58. Kb4 1-0

[Event "Early-Titled-Tuesday-Blitz-October-10-2023"]
[Site "Chess.com"]
[Date "2023.10.10"]
[Round "1"]
[White "Let_it_be_1"]
[Black "Boxerandchessplayer"]
[Result "1-0"]
[WhiteElo "2563"]
[BlackElo "2159"]
[TimeControl "180+1"]
[EndTime "8:07:26 PDT"]
[Termination "Let_it_be_1 won by checkmate"]

1. e4 e6 2. d4 d5 3. Nd2 dxe4 4. Nxe4 Nd7 5. Nf3 Ngf6 6. Bd3 Be7 7. O-O O-O 8. Qe2 b6 9. Ne5 Bb7 10. Nxf6+ Nxf6 11. c3 c5 12. dxc5 Bxc5 13. Bg5 h6 14. Bh4 Be7 15.
Rad1 Qc7 16. Rfe1 Nd5 17. Bg3 Bd6 18. Bb1 Nf6 19. Ng4 Nxg4 20. Bxd6 Qc6 21. Qxg4 f5 22.
Qg3 Rfd8 23. Be5 g5 24. f3 Rd5 25. Rxd5 Qxd5 26. h4 f4 27. Qf2 Rd8 28. Be4 Qd7 29. Bxb7 Qxb7 30. hxg5 hxg5 31. Bd4 Qe7 32. Qe2 Rd6 33.
Qe5 Kf7 34. Qg7+ Ke8 35. Qh8+ Kd7 36. Bf6 Qf7 37. Qd8+ Kc6 38. Qc8+ Kb5 39. a4+ Kxa4 40. Qc4+ Ka5 41. Ra1# 1-0

[Event "Early-Titled-Tuesday-Blitz-October-10-2023"]
[Site "Chess.com"]
[Date "2023.10.10"]
[Round "1"]
[White "Firouzja2003"]
[Black "koncheto"]
[Result "1-0"]
[WhiteElo "3091"]
[BlackElo "2520"]
[TimeControl "180+1"]
[EndTime "8:07:27 PDT"]
[Termination "Firouzja2003 won by checkmate"]

1. d4 Nf6 2. Bg5 Ne4 3. Bf4 d5 4. e3 c5 5. c3 Bf5 6. Bd3 Qb6 7. Qb3 c4 8. Qxb6 axb6 9. Bc2 Bg6 10. Na3 e5 11.
Nb5 exf4 12. Nc7+ Kd7 13. Nxa8 fxe3 14. Ba4+ Kd8 15. fxe3 b5 16. Bxb5 Nd6 17. Ba4 b5 18.
Bd1 Nd7 19. Bf3 Ne4 20. Ne2 Bd6 21. a4 b4 22. a5 Re8 23. Nb6 Nxb6 24. axb6 Kd7 25.
O-O Nd2 26. Bxd5 Nxf1 27. Ra7+ Kc8 28. Kxf1 Rxe3 29. Ra8+ Kd7 30. b7 Bd3 31. Bf3 bxc3 32. bxc3 Re8 33. Bc6+ Kxc6 34. Rxe8 Kxb7 35. Rg8 g6 36.
Rg7 h5 37. Rxf7+ Kc6 38. Kf2 Kd5 39. Nf4+ Ke4 40. Nxg6 Bxh2 41. g3 Kd5 42. Nf4+ Ke4 43. Nxh5 Kd5 44. Nf4+ Ke4 45. Rh7 Bxg3+ 46. Kxg3 Ke3 47.
Rh2 Be4 48. d5 Bf3 49. d6 Bg4 50.
Kxg4 Ke4 51. Re2# 1-0

[Event "Early-Titled-Tuesday-Blitz-October-10-2023"]
[Site "Chess.com"]
[Date "2023.10.10"]
[Round "1"]
[White "jup1978"]
[Black "MITerryble"]
[Result "0-1"]
[WhiteElo "2512"]
[BlackElo "3011"]
[TimeControl "180+1"]
[EndTime "8:07:27 PDT"]
[Termination "MITerryble won on time"]

1. d4 e6 2. e4 d5 3. Nd2 Be7 4. g3 c5 5. Bg2 dxe4 6. Nxe4 cxd4 7. Nf3 Nc6 8. O-O Nf6 9. Ned2 O-O 10. Re1 Bc5 11. Nb3 Bb6 12. Bg5 h6 13. Bf4 Nd5 14. Be5 Nxe5 15. Nxe5 Ne7 16. Nc4 Nf5 17. Nxb6 Qxb6 18.
g4 Nh4 19. Qxd4 Qc7 20. c3 Rd8 21. Qe5 Qe7 22. Rad1 Nxg2 23. Kxg2 Bd7 24. Nd4 Be8 25. Kg3 Rac8 26. Nf5 Qf8 27. Nd6 Rb8 28. h4 Bc6 29.
Ne4 Rxd1 30. Rxd1 Rd8 31. Rxd8 Qxd8 32. Nd6 Qb6 33. b4 a6 34. Qc5 Qd8 35. Qe5 Qd7 36. h5 f6 37. Qd4 Bd5 38. Ne4 Qc7+ 39. f4 Bxa2 40. Nc5 Bd5 41. Qe3 Qd6 42. Qd4 b6 43. Ne4 Qc6 44. Nd2 Qc7 45. c4 Bc6 0-1

[Event "Early-Titled-Tuesday-Blitz-October-10-2023"]
[Site "Chess.com"]
[Date "2023.10.10"]
[Round "1"]
[White "sokidze"]
[Black "Smiechu"]
[Result "0-1"]
[WhiteElo "2811"]
[BlackElo "2477"]
[TimeControl "180+1"]
[EndTime "8:07:27 PDT"]
[Termination "Smiechu won on time"]

1. d4 Nf6 2. c4 c5 3. d5 e6 4.
Nc3 exd5 5. cxd5 d6 6. e4 g6 7. h3 Bg7 8. Nf3 O-O 9. Be3 Re8 10.
Nd2 Nbd7 11. Be2 a6 12. a4 c4 13. O-O Nc5 14. Bxc5 dxc5 15. a5 Bd7 16. Bxc4 Bb5 17. Nxb5 axb5 18. Bxb5 Re7 19. Re1 Rxa5 20. Rxa5 Qxa5 21.
Bf1 Qd8 22. g3 Ne8 23. Qc2 f5 24. Qxc5 Nd6 25. Qb4 h5 26. h4 f4 27. Bh3 fxg3 28.
fxg3 Be5 29. Qb3 Kh7 30. Be6 g5 31. Nf3 gxh4 32. Nxe5 Rg7 33. g4 Qf6 34. Qc3 Nb5 35. Qd3 Qxe5 36. Kh1 hxg4 0-1

[Event "Early-Titled-Tuesday-Blitz-October-10-2023"]
[Site "Chess.com"]
[Date "2023.10.10"]
[Round "1"]
[White "kuzol"]
[Black "artin10862"]
[Result "0-1"]
[WhiteElo "2460"]
[BlackElo "2828"]
[TimeControl "180+1"]
[EndTime "8:07:29 PDT"]
[Termination "artin10862 won by resignation"]

1. d4 d5 2. Bf4 Nf6 3. e3 Bg4 4.
Qd3 e6 5. Qb5+ Nbd7 6. Qxb7 Bd6 7. Bxd6 cxd6 8. Qa6 Rb8 9. b3 Qc7 10. Bd3 e5 11. c3 exd4 12. exd4 O-O 13. Ne2 Rfe8 14.
O-O Rb6 15. Qa5 Bxe2 16. Bxe2 Rxe2 17. Na3 Qb7 18. c4 Re8 19. Qc3 Ne4 20. Qd3 Ndf6 21.
Rfe1 Rf8 22. f3 Ng5 23. c5 dxc5 24. dxc5 Ra6 25. Nc2 Ne6 26. b4 Rc6 27. a3 Rfc8 28.
Nd4 Nxd4 29. Qxd4 a5 30. Rab1 axb4 31. axb4 Qb5 32. g4 h6 33. h4 Rd8 34. Re5 Re6 35.
g5 Rxe5 36. Qxe5 Qd3 37. Re1 hxg5 38. hxg5 Nh5 39. c6 Qxf3 40. c7 Qg4+ 41. Kf1 Rf8 42.
Re3 Nf4 43. Rf3 Qxf3+ 0-1

[Event "Early-Titled-Tuesday-Blitz-October-10-2023"]
[Site "Chess.com"]
[Date "2023.10.10"]
[Round "1"]
[White "Lion-Al-Messi"]
[Black "LileKoridze"]
[Result "0-1"]
[WhiteElo "2616"]
[BlackElo "2349"]
[TimeControl "180+1"]
[EndTime "8:07:32 PDT"]
[Termination "LileKoridze won by checkmate"]

1. e4 c5 2. Nf3 d6 3. d4 cxd4 4. Nxd4 Nf6 5. Nc3 a6 6. h3 e5 7. Nde2 h5 8. Bg5 Be7 9. g3 Nc6 10. Bg2 Be6 11. Qd2 Rc8 12. O-O-O O-O 13. g4 b5 14.
gxh5 b4 15. Na4 Nxh5 16. Bxe7 Qxe7 17. Qxd6 Qg5+ 18. Kb1 Qxg2 19. Nb6 Qxe4 20. Nxc8 Rxc8 21. Qd2 Bf5 22. f3 Qxf3 23. Rhf1 Qe4 24. Rc1 Nd4 25. Nxd4 exd4 26. Rf2 a5 27. Re1 Qd5 28. Qd1 Bg6 29. Rd2 d3 30. cxd3 Nf4 31. Re3 Qc5 32. Rg3 Qd4 33. h4 Rd8 34. Kc2 Qc4+ 35. Kb1 Bxd3+ 36. Ka1 Rc8 37. Rg1 Bg6 38. Rd8+ Kh7 39. Rd4 Qc7 40. Qd2 Nh5 41. Rd5 Qc6 42. Qg2 Qc1+ 43. Rxc1 Rxc1# 0-1

[Event "Early-Titled-Tuesday-Blitz-October-10-2023"]
[Site "Chess.com"]
[Date "2023.10.10"]
[Round "1"]
[White "Zq1"]
[Black "Jospem"]
[Result "0-1"]
[WhiteElo "2520"]
[BlackElo "3098"]
[TimeControl "180+1"]
[EndTime "8:07:34 PDT"]
[Termination "Jospem won on time"]

1. d4 Nf6 2. c4 g6 3. Nc3 d6 4. e4 Bg7 5. Nf3 O-O 6. Be2 e5 7.
O-O Bg4 8. Be3 Bxf3 9. Bxf3 Nc6 10. d5 Ne7 11. Be2 Nd7 12. b4 f5 13. f3 b6 14.
Qd2 Rf7 15. Rac1 Kh8 16. Bd3 Ng8 17. Na4 fxe4 18. fxe4 Rxf1+ 19. Rxf1 Qe7 20. c5 Ndf6 21. cxd6 cxd6 22. h3 Nh5 23. Rc1 Nf4 24. Bxf4 exf4 25. Qxf4 Bh6 26. Qf1 Rf8 27. Qe1 Bxc1 28. Qxc1 Nf6 29.
Qc3 Kg8 30. Qd4 Nh5 31. Nc3 Qg5 32. Ne2 Nf4 33. Nxf4 Qxf4 34. Be2 Rc8 35. Bc4 Qc1+ 36. Bf1 Qf4 37. Bc4 b5 38. Bf1 Rc1 39. Qd3 a6 40. g3 Qf6 41. Kg2 Qb2+ 42. Be2 Qxb4 43. e5 Qc5 44. e6 Qg1+ 45. Kf3 Qh1+ 46. Kg4 Rc4+ 47.
Kg5 Qc1+ 48. Kf6 Qh6 49. e7 Rc8 50. Bg4 Qg7+ 51. Ke6 Re8 52. Kxd6 Qxe7+ 53. Kc6 Rd8 54. d6 Qf6 55. Qd5+ Kg7 56. Be6 b4 57. d7 a5 58.
Kc7 a4 59. Qd6 b3 60. axb3 a3 0-1

[Event "Early-Titled-Tuesday-Blitz-October-10-2023"]
[Site "Chess.com"]
[Date "2023.10.10"]
[Round "1"]
[White "erugee"]
[Black "TregubovP"]
[Result "0-1"]
[WhiteElo "2251"]
[BlackElo "2588"]
[TimeControl "180+1"]
[EndTime "8:07:35 PDT"]
[Termination "TregubovP won on time"]

1. e4 c5 2. Nf3 e6 3. d3 Nc6 4.
Nbd2 g6 5. g3 Bg7 6. Bg2 Nge7 7.
h4 h6 8. O-O O-O 9. Re1 d6 10.
Nf1 e5 11. c3 d5 12. Qc2 Be6 13. Be3 b6 14. Red1 Rc8 15. Bd2 Qd7 16. b3 Rfd8 17. Be1 b5 18. Rac1 b4 19. c4 dxe4 20. dxe4 Nd4 21.
Nxd4 exd4 22. Rd3 Nc6 23. f4 Re8 24. Bf2 a5 25. Re1 a4 26. Nd2 Bg4 27. Nf3 axb3 28.
axb3 Ra8 29. Nh2 Bh3 30. Bh1 Ra3 31. e5 Bf5 32. Be4 Bxe4 33. Rxe4 f6 34. Nf3 fxe5 35. Qe2 Qh3 36. fxe5 Ra1+ 37. Rd1 Rxd1+ 38. Qxd1 Nxe5 39. Nxe5 Rxe5 40. Rxe5 Bxe5 41. Qf3 Qf5 42. Qd5+ Kh7 43. Qxc5 d3 44. Qxb4 Bf6 45. Qb7+ Kg8 46. Qb8+ Kf7 47. Qc7+ Be7 0-1

[Event "Early-Titled-Tuesday-Blitz-October-10-2023"]
[Site "Chess.com"]
[Date "2023.10.10"]
[Round "1"]
[White "Evandro_Barbosa"]
[Black "GameOverBro"]
[Result "1-0"]
[WhiteElo "2711"]
[BlackElo "2402"]
[TimeControl "180+1"]
[EndTime "8:07:37 PDT"]
[Termination "Evandro_Barbosa won by checkmate"]

1. e4 d6 2. d4 Nf6 3. Nc3 e5 4. Nf3 Nbd7 5. Bc4 Be7 6. O-O c6 7. Re1 Qc7 8. a4 h6 9. a5 Nf8 10. Be3 Ng6 11. h3 O-O 12. Qd2 Kh7 13. Bb3 Nh5 14. Nh2 Nhf4 15. Ne2 Nxe2+ 16. Qxe2 Be6 17. c4 Bg5 18. d5 cxd5 19. cxd5 Bd7 20. Bxg5 hxg5 21. Qh5+ Kg8 22. Qxg5 Nf4 23. Kh1 Qc5 24.
Qg3 Rac8 25. Qe3 Qb4 26. h4 Rc5 27. g3 Ng6 28. h5 Ne7 29. h6 f6 30. hxg7 Kxg7 31.
a6 b6 32. Kg1 Rh8 33. Rac1 Bb5 34. Qf3 Bd7 35. Ng4 Ng8 36. Rxc5 bxc5 37. Rc1 Qb6 38. Ne3 Kf7 39. Nc4 Qxa6 40. Bd1 Bb5 41. Ne3 Bd7 42. Be2 Qc8 43. Ra1 a6 44. Rxa6 Qb8 45.
Nc4 Ke7 46. Rb6 Qa7 47. Rxd6 Qa1+ 48. Bd1 Bb5 49. Re6+ Kd7 50. Nb6+ Kc7 51. Qb3 Be2 52. d6+ Kb7 53. Nc4+ Ka7 54. Qb6+ Ka8 55. Re8# 1-0

[Event "Early-Titled-Tuesday-Blitz-October-10-2023"]
[Site "Chess.com"]
[Date "2023.10.10"]
[Round "1"]
[White "masterofpuppets2"]
[Black "Oleksandr_Bortnyk"]
[Result "0-1"]
[WhiteElo "2515"]
[BlackElo "3052"]
[TimeControl "180+1"]
[EndTime "8:07:39 PDT"]
[Termination "Oleksandr_Bortnyk won by resignation"]

1. d4 d6 2. c4 e5 3. d5 a5 4. Nc3 g6 5. e4 Bg7 6. Bd3 Na6 7. Be3 Nf6 8. f3 O-O 9. Nge2 Nc5 10. Bc2 c6 11. Qd2 cxd5 12. exd5 Nfd7 13.
O-O f5 14. f4 e4 15. Nd4 Nf6 16. h3 Nh5 17. Ncb5 Ra6 18. b3 Bd7 19. Rab1 Re8 20. a3 h6 21. b4 axb4 22. axb4 Nd3 23. Ra1 Bxb5 24. cxb5 Rxa1 25. Rxa1 Nhxf4 26. Rd1 Nxd5 27. Bb3 Re5 28. Ne6 Qe7 29. Nxg7 Kxg7 30. Bd4 N5xb4 31. Qc3 h5 32. Bc4 Kh7 33. Bxe5 dxe5 34. Bb3 Qc5+ 35. Qxc5 Nxc5 36. Bc4 Nbd3 37. g3 g5 38. Kf1 f4 39. gxf4 exf4 40. Ke2 Kg6 41. Rg1 Kf5 42. Bd5 g4 43. hxg4+ hxg4 44. Bf7 g3 45. Bh5 Ne5 46. Rc1 Ne6 47. Kf1 f3 48. Be8 e3 49. Bc6 bxc6 50.
bxc6 e2+ 51. Ke1 Nd3+ 0-1

[Event "Early-Titled-Tuesday-Blitz-October-10-2023"]
[Site "Chess.com"]
[Date "2023.10.10"]
[Round "1"]
[White "aqibjbutt"]
[Black "Fan_Of_Chucky"]
[Result "1-0"]
[WhiteElo "1966"]
[BlackElo "2517"]
[TimeControl "180+1"]
[EndTime "8:07:39 PDT"]
[Termination "aqibjbutt won on time"]

1. d4 Nf6 2. Nf3 c5 3. e3 g6 4. Be2 cxd4 5. exd4 Bg7 6. O-O d5 7. c3 O-O 8. Bf4 Nc6 9. h3 Ne4 10. Nbd2 Bf5 11. Re1 Qb6 12. Qb3 Rfd8 13. Qxb6 axb6 14. Bc7 Rdc8 15. Bxb6 e5 16. dxe5 Nxe5 17. Bd4 Nxf3+ 18. Nxf3 Ra5 19. Bxg7 Kxg7 20. Nd4 Kf6 21. Nxf5 Kxf5 22.
Bd3 Kf4 23. g3+ Nxg3 24. fxg3+ Kxg3 25. Re3+ Kf4 26. Re7 f5 27. Rxb7 h5 28. a3 Kg3 29.
Rg7 Rc6 30. Bf1 f4 31. Re1 Ra8 32. Re5 Rb8 33. Rg5+ Kh4 34. R7xg6 Rxg6 35. Rxg6 Rxb2 36. a4 Ra2 37. Ra6 f3 38. Rf6 Kg3 39. Rg6+ Kh4 40.
Rd6 Rxa4 41. Rxd5 Ra2 42. Rd4+ Kg3 43. Rd1 Rh2 44. Rd3 Ra2 45. c4 Ra1 46. Rc3 Re1 47. Rc2 Rc1 48. Rxc1 1-0

[Event "Early-Titled-Tuesday-Blitz-October-10-2023"]
[Site "Chess.com"]
[Date "2023.10.10"]
[Round "1"]
[White "LeoWin2012"]
[Black "hakanazeri2"]
[Result "1/2-1/2"]
[WhiteElo "2325"]
[BlackElo "2616"]
[TimeControl "180+1"]
[EndTime "8:07:40 PDT"]
[Termination "Game drawn by repetition"]

1. e4 c5 2. Nf3 d6 3. d4 cxd4 4.
Nxd4 Nf6 5. Nc3 a6 6. Be3 e5 7.
Nb3 Be7 8. f3 Be6 9. Qd2 Nbd7 10. g4 b5 11. g5 Nh5 12. h4 O-O 13. O-O-O Rc8 14. Kb1 b4 15. Nd5 Bxd5 16. Qxd5 Nb6 17. Qb7 Rb8 18. Bxb6 Rxb7 19. Bxd8 Rxd8 20. Bxa6 Ra7 21.
Bc4 Nf4 22. Nc1 Rc8 23. Bb3 Kf8 24. Nd3 Nxd3 25. Rxd3 Rc5 26. Rf1 h6 27. f4 exf4 28. Rxf4 hxg5 29. Rf5 Rxf5 30. exf5 gxh4 31. Kc1 Ra5 32. Rd5 Rxd5 33. Bxd5 g5 34. fxg6 fxg6 35. a4 bxa3 36. bxa3 Bg5+ 37. Kd1 Be3 38. Ke2 Bc5 39.
a4 Ke7 40. Kf3 Kf6 41. Kg4 g5 42. a5 Ke5 43. c4 Be3 44. a6 Kf6 45. Bb7 Ba7 46.
Bd5 Bc5 47. Bb7 Be3 48. Bd5 Ke5 49. a7 Bxa7 50. Kxg5 h3 51. Kg4 h2 52. Kg3 Bg1 53. Kg2 Kd4 54. Kh1 Kc5 55. Kg2 Kd4 56. Kh1 Kc5 57. Kg2 Kd4 1/2-1/2

[Event "Early-Titled-Tuesday-Blitz-October-10-2023"]
[Site "Chess.com"]
[Date "2023.10.10"]
[Round "1"]
[White "ChainedDowntohell"]
[Black "djokovic74"]
[Result "0-1"]
[WhiteElo "2428"]
[BlackElo "2742"]
[TimeControl "180+1"]
[EndTime "8:07:41 PDT"]
[Termination "djokovic74 won on time"]

1. d4 e6 2. c4 Nf6 3. Nc3 Bb4 4. a3 Bxc3+ 5. bxc3 d5 6. e3 O-O 7. a4 b6 8. Ba3 Re8 9. cxd5 exd5 10. Bd3 c6 11.
Ne2 Ba6 12. Bxa6 Nxa6 13. O-O Nc7 14. Qd3 Qd7 15. c4 dxc4 16. Qxc4 Ncd5 17. Rac1 Rac8 18.
Rfd1 a5 19. h3 b5 20. Qb3 b4 21. Bb2 Ne4 22. Rd3 Qf5 23. Rf1 Nec3 24. Rd2 Ne4 25. Rdd1 Qg5 26. Bc1 Re6 27. f3 Nec3 28. Nxc3 Nxc3 29.
Rde1 Qd5 30. Qc2 c5 31. dxc5 Rxc5 32. Kh1 Qc6 33. Qb3 Qxa4 34. Qb2 Qa2 35. e4 Qxb2 36. Bxb2 Rd6 37. Rc1 Rd2 38. Ba1 a4 39. Rfe1 a3 40.
Kh2 f6 41. Re3 Na4 0-1

[Event "Early-Titled-Tuesday-Blitz-October-10-2023"]
[Site "Chess.com"]
[Date "2023.10.10"]
[Round "1"]
[White "carokannlover213"]
[Black "secretsuperstar7"]
[Result "1-0"]
[WhiteElo "2738"]
[BlackElo "2425"]
[TimeControl "180+1"]
[EndTime "8:07:42 PDT"]
[Termination "carokannlover213 won by resignation"]

1. e4 c5 2. Nf3 d6 3. Bb5+ Bd7 4. c4 Nf6 5. Nc3 g6 6. O-O Bg7 7. d4 cxd4 8. Nxd4 O-O 9. h3 Nc6 10. Be3 a6 11. Ba4 Rc8 12. Nxc6 Bxc6 13. Bxc6 Rxc6 14. Qd3 Qc7 15. Nd5 Nxd5 16. cxd5 Rc2 17. Rac1 Rxc1 18. Rxc1 Qa5 19. Qa3 Qb5 20. b3 Qd3 21. Qb4 Bb2 22.
Qc4 Qxc4 23. Rxc4 Rb8 24. Rc7 Kf8 25. Ba7 Ra8 26. Rxb7 Rc8 27. Be3 a5 28. Bh6+ Ke8 29.
Bg5 f6 30. Be3 Rc2 31. Rb8+ Kf7 32. Rh8 Kg7 33. Ra8 Bc3 34. Rc8 Kf7 35. Bd4 Rc1+ 36. Kh2 Bd2 37. Rxc1 Bxc1 38. Bc3 a4 39. bxa4 Ke8 40. a5 Ba3 41. Bd4 Kd7 42. a6 Kc7 43. a7 Kb7 44. Bb6 Bb4 45. Bd8 Kxa7 46. Bxe7 f5 47. e5 Bc3 48. Bxd6 Kb7 49. Kg3 Kb6 50. Kf3 Kb5 51. Kg3 Kc4 52. e6 Bf6 53. e7 Bxe7 54. Bxe7 Kxd5 55. Bg5 Kc4 56. Kf4 Kc3 57. Be7 Kb2 58.
a3 1-0

[Event "Early-Titled-Tuesday-Blitz-October-10-2023"]
[Site "Chess.com"]
[Date "2023.10.10"]
[Round "1"]
[White "TERMINATOR_PC"]
[Black "RianKapriaga"]
[Result "1-0"]
[WhiteElo "2614"]
[BlackElo "2303"]
[TimeControl "180+1"]
[EndTime "8:07:42 PDT"]
[Termination "TERMINATOR_PC won on time"]

1. e4 c6 2. d4 d5 3. e5 Bf5 4. Nf3 e6 5. Be2 Nd7 6. O-O h6 7. Re1 Ne7 8. Nbd2 Qc7 9. Nb3 g5 10. c4 dxc4 11. Bxc4 Rd8 12. Bd2 Nb6 13. Be2 Ned5 14. a4 a6 15. a5 Nc8 16. h3 Na7 17.
Rc1 Qb8 18. Nh2 Be7 19. Ng4 h5 20. Ne3 Nxe3 21. Bxe3 Bg6 22. Bd3 Bxd3 23. Qxd3 Nb5 24. Red1 g4 25. hxg4 hxg4 26. Qe4 f5 27. exf6 Qh2+ 28.
Kf1 Bxf6 29. Qxe6+ Be7 30. d5 cxd5 31. Qxg4 Qh1+ 32.
Ke2 Qh5 33. Qxh5+ Rxh5 34. Nd4 Nxd4+ 35. Bxd4 Kf7 36. Rc7 Ke6 37. Rxb7 Re8 38. Kd3 Rh4 39. Re1+ Re4 40. Rxe4+ dxe4+ 41. Kxe4 Bd6 42. f4 1-0